 Dungeon Crawl Stone Soup version 0.31-a0-233-g139696dc86 (webtiles) character file.

Game seed: 10921611542075721590

141 qw the Shooter (level 5, -4/41 HPs)
             Began as a Minotaur Hexslinger on July 7, 2023.
             Slain by Grinder (5 damage)
             ... on level 3 of the Dungeon.
             The game lasted 00:00:43 (1656 turns).

qw the Shooter (Minotaur Hexslinger)                Turns: 1656, Time: 00:00:44

Health: -4/41      AC:  9    Str: 13    XL:     5   Next: 3%
Magic:  5/5        EV: 11    Int: 10    God:
Gold:   1278       SH:  0    Dex: 14    Spells: 5/6 levels left

rFire   . . .        Y - +1 sling
rCold   . . .        (no shield)
rNeg    . . .        g - +0 ring mail
rPois   .            (helmet restricted)
rElec   .            (no cloak)
rCorr   .            (no gloves)
SInv    .            (no boots)
Will    .....        (no amulet)
Stlth   +            a - +4 ring of protection
HPRegen 0.26/turn    (no ring)
MPRegen 0.09/turn

%: no passive effects
@: slowed, very slow
A: horns 2, retaliatory headbutt
a: no special abilities


You were on level 3 of the Dungeon.
You visited 1 branch of the dungeon, and saw 3 of its levels.

You collected 1278 gold pieces.


Innate Abilities, Weirdness & Mutations

You have a pair of horns on your head.
You reflexively headbutt those who attack you in melee.


   Skills:
 + Level 2.1 Fighting
 - Level 5.3 Ranged Weapons
 - Level 1.4 Armour
 - Level 2.1 Dodging
 - Level 1.0 Spellcasting
 - Level 2.0 Hexes


You had 5 spell levels left.
You knew the following spells:

 Your Spells              Type           Power      Damage    Failure   Level
a - Slow                  Hex            16%        N/A       32%         1

Your spell library contained the following spells:

 Spells                   Type           Power      Damage    Failure   Level
 Inner Flame              Hex/Fire       2%         N/A       82%         3
 Portal Projectile        Hex/Tloc       4%         N/A       82%         3
 Cause Fear               Hex            2%         N/A       97%         4

Inventory:

Hand Weapons
 Y - a +1 sling (weapon)
Armour
 g - a +0 ring mail (worn)
Jewellery
 a - a +4 ring of protection (left hand)
 c - a ring of ice
Scrolls
 b - a scroll of teleportation
 d - a scroll of identify
Potions
 e - a potion of enlightenment
 h - a potion of curing {unknown}
 i - a potion of berserk rage {unknown}
 j - a potion of invisibility {unknown}

Dungeon Overview and Level Annotations

Branches:
Dungeon (3/15)

Altars:

Annotations:
D:3 Grinder, Natasha


Message History

The sling bullet closely misses Grinder.
Grinder closely misses you.
You shoot a sling bullet.
The sling bullet hits Grinder but does no damage.
Grinder is lightly wounded.
Grinder barely misses you. Natasha barely misses you.
Grinder barely misses you.
You shoot a sling bullet. The sling bullet hits Grinder.
Grinder is moderately wounded.
Natasha stares at you and mumbles some strange words.
The magic dart hits you. Grinder hits you.
You writhe in agony.
1651 ||| READING 2 scrolls of teleportation.
As you read the scroll of teleportation, it crumbles to dust.
You feel strangely unstable. Natasha casts a spell at you.
You feel yourself slow down. Grinder barely misses you.
1652 ||| DRINKING potion of heal wounds.
You feel much better. Natasha barely misses you. Grinder barely misses you.
Natasha barely misses you. You furiously retaliate!
You headbutt Natasha! You shoot a sling bullet. The sling bullet hits Natasha.
Natasha is severely wounded.
Grinder hits you.
You writhe in agony.
Natasha mumbles some strange words.
Grinder blinks!
Natasha claws you but does no damage.
You shoot a sling bullet. The sling bullet barely misses Natasha.
Your surroundings seem slightly different.
Grinder hits you.
You writhe in agony.
Grinder hits you.
You writhe in agony.
You shoot a sling bullet.
The sling bullet hits Grinder but does no damage.
Grinder is moderately wounded.
Grinder gestures at you. Pain shoots through your body!
Natasha casts a spell at you.
You feel as though you will be slow longer.
Grinder barely misses you. You furiously retaliate!
You headbutt Grinder. You shoot a sling bullet.
The sling bullet barely misses Grinder.
Grinder gestures at you. Pain shoots through your body!
The cerulean imp closely misses you. Natasha claws you. Grinder hits you.
You writhe in agony.
You die...

#############
###########.......5...#
................@h..#.......
................5...#.......
....................#5......
####'######+........#.......
.....#...##+....##..#.......
.....#..............#.......
.....#..........[...#.#..$.#
.....#<.........##..#
...%.##...............


You could see Grinder, Natasha and a cerulean imp (summoned).

Vanquished Creatures
  An orc priest (D:3)
  Natasha (D:3)
  An orc wizard (D:3)
  3 adders
  2 orcs (D:3)
  3 giant cockroaches
  2 goblins
  7 hobgoblins
  A quokka (D:1)
  2 ball pythons (D:1)
  A bat (D:1)
  2 frilled lizards (D:2)
  5 kobolds
  8 rats
39 creatures vanquished.

Notes
Turn   | Place    | Note
-------+----------+-------------------------------------------
     0 | D:1      | qw the Minotaur Hexslinger began the quest for the Orb.
     0 | D:1      | Reached XP level 1. HP: 16/16 MP: 1/1
     0 | D:1      | 0 ||| qw: Version: 0.3-a-46-gb1f654a
     0 | D:1      | 0 ||| qw: Game counter: 3263
     0 | D:1      | 0 ||| qw: Melee chars always use a shield: true
     0 | D:1      | 0 ||| qw: God list: Okawaru
     0 | D:1      | 0 ||| qw: Allow faded altars: false
     0 | D:1      | 0 ||| qw: Do Orc after clearing Dungeon:15 true
     0 | D:1      | 0 ||| qw: Do second Lair branch before Depths: true
     0 | D:1      | 0 ||| qw: Lair rune preference: random
     0 | D:1      | 0 ||| qw: Goals: Normal
     0 | D:1      | 0 ||| PLANNING D:1-11
    94 | D:1      | Reached skill level 3 in Ranged Weapons
    94 | D:1      | Reached XP level 2. HP: 23/23 MP: 2/2
   528 | D:1      | 528 ||| UPGRADING to +0 ring mail.
   538 | D:1      | 538 ||| DROPPING +0 robe.
   539 | D:1      | 539 ||| READING scroll labelled NOGONA LEHI.
   540 | D:1      | 540 ||| READING scroll labelled CAOSIR DIEROD.
   541 | D:1      | 541 ||| READING 3 scrolls labelled TADOIZX GU RAA.
   541 | D:1      | Identified 3 scrolls of acquirement
   541 | D:1      | 541 ||| ACQUIRING ring of ice
   541 | D:1      | Acquired a ring of ice
   542 | D:1      | 542 ||| READING 2 scrolls of acquirement.
   542 | D:1      | 542 ||| ACQUIRING +4 ring of protection
   542 | D:1      | Acquired a +4 ring of protection
   543 | D:1      | 543 ||| READING scroll of acquirement.
   543 | D:1      | 543 ||| ACQUIRING 1141 gold pieces
   543 | D:1      | Acquired 1141 gold pieces
   545 | D:1      | 545 ||| UPGRADING to +4 ring of protection.
   546 | D:1      | 546 ||| DROPPING scroll of poison.
   662 | D:2      | Reached XP level 3. HP: 29/29 MP: 3/3
  1067 | D:2      | Reached skill level 4 in Ranged Weapons
  1321 | D:2      | 1321 ||| READING 3 scrolls labelled IXEKLO LEILUE.
  1325 | D:2      | 1325 ||| READING scroll labelled NADOXA NIJUEST.
  1326 | D:2      | 1326 ||| READING 3 scrolls of identify.
  1326 | D:2      | 1326 ||| IDENTIFYING ruby potion
  1327 | D:2      | 1327 ||| READING 2 scrolls of identify.
  1327 | D:2      | 1327 ||| IDENTIFYING sapphire potion
  1352 | D:3      | 1352 ||| PLANNING SEWER
  1392 | D:3      | Reached skill level 1 in Armour
  1393 | D:3      | Reached XP level 4. HP: 11/36 MP: 4/4
  1414 | D:3      | 1414 ||| FLEEEEING.
  1415 | D:3      | 1415 ||| FLEEEEING.
  1416 | D:3      | 1416 ||| FLEEEEING.
  1417 | D:3      | 1417 ||| FLEEEEING.
  1418 | D:3      | 1418 ||| FLEEEEING.
  1419 | D:3      | 1419 ||| FLEEEEING.
  1420 | D:3      | 1420 ||| FLEEEEING.
  1421 | D:3      | 1421 ||| FLEEEEING.
  1422 | D:3      | 1422 ||| FLEEEEING.
  1423 | D:3      | 1423 ||| FLEEEEING.
  1424 | D:3      | 1424 ||| FLEEEEING.
  1425 | D:3      | 1425 ||| FLEEEEING.
  1426 | D:3      | 1426 ||| FLEEEEING.
  1427 | D:3      | 1427 ||| FLEEEEING.
  1428 | D:3      | 1428 ||| FLEEEEING.
  1429 | D:3      | 1429 ||| FLEEEEING.
  1430 | D:3      | 1430 ||| STAIRDANCE
  1519 | D:3      | Noticed Natasha
  1524 | D:3      | Killed Natasha
  1525 | D:3      | Reached skill level 5 in Ranged Weapons
  1596 | D:3      | Reached XP level 5. HP: 41/41 MP: 5/5
  1639 | D:3      | Noticed Grinder
  1643 | D:3      | Noticed Natasha
  1650 | D:3      | HP: 10/41 [Grinder (1)]
  1651 | D:3      | 1651 ||| READING 2 scrolls of teleportation.
  1652 | D:3      | 1652 ||| DRINKING potion of heal wounds.
  1656 | D:3      | HP: 8/41 [Grinder/nerve-wracking pain (5)]
  1656 | D:3      | HP: 2/41 [Natasha (6)]
  1656 | D:3      | Slain by Grinder

Levels and vault maps discovered:
D:1:      amcnicky_arrival_flooded_fountain, layout_rooms,
          dreamdust_wishing_well, st_stairs_10, chequers_serial_rivers_large_b,
          minmay_statues_item, chequers_serial_rivers_room_a
D:2:      layout_loops_ring, nicolae_concentric_dashed_squares_wild
D:3:      kennysheep_six_static_rooms, layout_basic, portal_sewer_entry_b,
          gammafunk_ghost_nasty_kobolds, serial_shops, nicolae_shop_crystal,
          minmay_misc_feat_nine_boxes, uniq_natasha, uniq_grinder, uniq_robin

Skill      XL: |  1  2  3  4 |
---------------+-------------+-----
Ranged Weapons | 3 4 5 |  5.3
Fighting       | 2 |  2.1
Armour         | 1 |  1.4
Dodging        | |  2.1
Spellcasting   | |  1.0
Hexes          | |  2.0

Action                     |  1- 3 |  4- 6 || total
---------------------------+-------+-------++-------
   Fire: Sling             |   106 |    53 ||   159
    Use: Scroll            |     9 |     1 ||    10
         Potion            |       |     1 ||     1
 Armour: Robe              |     8 |       ||     8
         Ring mail         |    35 |    20 ||    55
  Dodge: Dodged            |    35 |    21 ||    56

Table legend:
 A = Non-vault XP
 B = Vault XP
 C = Vault XP percentage of total XP
 D = Non-vault monster count
 E = Vault monster count
 F = Vault count percentage of total count
                 A         B        C        D         E       F
            +---------+---------+-------+---------+---------+-------
      Total |     162 |      40 |  19.8 |      35 |       4 |  10.3
            +---------+---------+-------+---------+---------+-------
        D:1 |      18 |       5 |  21.7 |      12 |       3 |  20.0
        D:2 |      39 |       0 |   0.0 |      12 |       0 |   0.0
        D:3 |     105 |      35 |  25.0 |      11 |       1 |   8.3
            +---------+---------+-------+---------+---------+-------
